 Dungeon Crawl Stone Soup version 0.26-a0-53-g45f243fec8 (webtiles) character file.

Game seed: 15955020773385454602

128145 Gargoyl the Agent of Entropy (level 16, -8/134 HPs)
             Began as a Centaur Abyssal Knight on June 7, 2020.
             Was a Priest of Lugonu.
             Mangled by a white very ugly thing (41 damage)
             ... on level 1 of the Swamp.
             The game lasted 01:15:22 (49109 turns).

Gargoyl the Agent of Entropy (CeAK)                Turns: 49109, Time: 01:15:23

Health: -8/134     AC: 32    Str: 21    XL:     16   Next: 47%
Magic:  25/25      EV: 14    Int:  9    God:    Lugonu [***...]
Gold:   948        SH: 17    Dex: 16    Spells: 15/15 levels left

rFire    + . .     SeeInvis .   I - +2 broad axe (protect)
rCold    . . .     Gourm    .   E - +2 kite shield {AC+3}
rNeg     . . .     Faith    .   V - +5 chain mail {rF+}
rPois    +         Spirit   .   j - +1 hat {MR+}
rElec    .         Reflect  +   F - +2 cloak {rPois}
rCorr    .         Harm     .   Z - +0 pair of gloves
MR       ++...                  (no barding)
Stlth    ..........             e - amulet of reflection
HPRegen  0.32/turn              p - +4 ring of evasion
MPRegen  0.19/turn              i - +6 ring of dexterity

@: protection aura, very quick
A: large, hooves 3, deformed body, dopey 1, speed 2, sense surroundings 1, tough
skin 3
a: Depart the Abyss, Bend Space, Banish, Renounce Religion


You were on level 1 of the Swamp.
You worshipped Lugonu.
Lugonu was most pleased with you.
You were near starving.

You visited 4 branches of the dungeon, and saw 25 of its levels.
You visited the Abyss 5 times.
You visited 1 bazaar.
You also visited: Gauntlet, Ice Cave and Volcano.

You collected 2682 gold pieces.
You spent 1734 gold pieces at shops.

Inventory:

Hand Weapons
 a - a +6 war axe of draining
 d - a +4 broad axe
 u - the +6 mace "Gococ" {drain, rPois Dex+3}
   (You found it on level 4 of the Dungeon)

   A truly terrible weapon, it drains the life of those it strikes.
   It affects your dexterity (+3).
   It protects you from poison.
 I - a +2 broad axe of protection (weapon)
 Y - the +5 mace of Strategic Superiority {vorpal, rElec Str+4}
   (You found it on level 10 of the Dungeon)

   It inflicts extra damage upon your enemies.
   It affects your strength (+4).
   It insulates you from electricity.
Missiles
 m - 37 boomerangs
 z - 25 javelins (quivered)
Armour
 j - a +1 hat of magic resistance (worn)
 E - a +2 kite shield of protection (worn)
 F - a +2 cloak of poison resistance (worn)
 U - a +1 cloak of fire resistance
 V - a +5 chain mail of fire resistance (worn)
 Z - a +0 pair of gloves (worn)
Jewellery
 e - an amulet of reflection (around neck)
 g - the ring of the Marlin {MR+ AC+4}
   (You bought it in a shop on level 11 of the Dungeon)

   [ring of protection]

   It affects your AC (+4).
   It affects your resistance to hostile enchantments.
 i - a +6 ring of dexterity (right hand)
 l - an uncursed ring of positive energy
 n - an uncursed ring of poison resistance
 o - an uncursed ring of wizardry {unknown}
 p - a +4 ring of evasion (left hand)
 t - an uncursed ring of flight
 x - an uncursed ring of protection from magic
 L - an uncursed ring of protection from cold
 M - an uncursed ring of magical power
 N - a +4 ring of protection {unknown}
Wands
 y - a wand of flame (14)
 B - a wand of random effects (8)
 G - a wand of clouds (21)
 K - a wand of paralysis (8)
 Q - a wand of enslavement (12)
 R - a wand of digging (9)
Scrolls
 f - 7 scrolls of blinking
 r - 2 scrolls of fear
 s - 10 scrolls of remove curse
 v - 11 scrolls of teleportation
 w - 3 scrolls of identify
 J - a scroll of magic mapping
 T - 5 scrolls of fog
Potions
 b - 4 potions of haste
 h - 3 potions of flight
 k - 4 potions of cancellation
 q - 10 potions of curing
 A - 2 potions of brilliance
 C - 4 potions of resistance
 D - a potion of heal wounds
 H - a potion of invisibility
 O - 3 potions of ambrosia
Comestibles
 c - 24 rations


   Skills:
 + Level 10.1 Fighting
 + Level 10.0(12.0) Axes
 + Level 11.0(12.5) Maces & Flails
 + Level 3.7 Throwing
 * Level 12.4 Armour
 * Level 9.2 Dodging
 + Level 4.6 Shields
 * Level 13.1 Invocations
 + Level 0.4 Evocations


You had 15 spell levels left.
You didn't know any spells.
Your spell library contained the following spells:

 Spells                   Type           Power        Failure   Level  Hunger
 Animate Skeleton         Necr           N/A          99%         1    ##.....
 Apportation              Tloc           #.....       99%         1    ##.....
 Corona                   Hex            #......      99%         1    ##.....
 Foxfire                  Conj/Fire      #...         99%         1    ##.....
 Magic Dart               Conj           #...         99%         1    ##.....
 Shock                    Conj/Air       #...         99%         1    ##.....
 Summon Butterflies       Summ           #.......     99%         1    ##.....
 Summon Small Mammal      Summ           #...         99%         1    ##.....
 Blink                    Tloc           N/A          100%        2    ###....
 Call Imp                 Summ           #.......     100%        2    ###....
 Slow                     Hex            #.......     100%        2    ###....
 Sublimation of Blood     Necr           #.........   100%        2    ###....
 Swiftness                Chrm/Air       #.......     100%        2    ###....
 Call Canine Familiar     Summ           #.......     100%        3    ####...
 Conjure Flame            Conj/Fire      #.......     100%        3    ####...
 Ignite Poison            Fire/Tmut/Pois #.......     100%        3    ####...
 Inner Flame              Hex/Fire       #.......     100%        3    ####...
 Mephitic Cloud           Conj/Pois/Air  #.......     100%        3    ####...
 Static Discharge         Conj/Air       #.......     100%        3    ####...
 Airstrike                Air            #.........   100%        4    #####..
 Petrify                  Tmut/Erth      #.......     100%        4    #####..
 Sticky Flame             Conj/Fire      #.......     100%        4    #####..
 Summon Ice Beast         Ice/Summ       #.......     100%        4    #####..
 Alistair's Intoxication  Tmut/Pois      #.......     100%        5    ######.
 Fireball                 Conj/Fire      #.........   100%        5    ######.
 Irradiate                Conj/Tmut      #.........   100%        5    ######.
 Lightning Bolt           Conj/Air       #.........   100%        5    ######.
 Summon Mana Viper        Hex/Summ       #.......     100%        5    ######.
 Eringya's Noxious Bog    Tmut/Pois      #.........   100%        6    #######
 Summon Hydra             Summ           #.........   100%        7    #######


Dungeon Overview and Level Annotations

Branches:
Dungeon (15/15)            Temple (0/1) D:6            Lair (6/6) D:8
  Swamp (2/4) Lair:3        Snake (0/4) Lair:2        Slime (0/5) Lair:5
    Orc (2/2) D:12            Elf (0/3) Orc:2        Vaults (0/5) D:13
 Depths (0/5) D:15          IceCv (visited)         Volcano (visited)
Gauntlet (visited)

Altars:
Ashenzari
Dithmenos
Elyvilon
Fedhas
Gozag
Hepliaklqana
Makhleb
Sif Muna
Trog
Uskayaw
Wu Jian
Yredelemnul
Zin
The Shining One
Beogh
Jiyva
Lugonu

Shops:
D:6 (   D:10 (?   D:11 =   D:12 [   D:15 *}   Orc:1 %   Orc:2 ([:*(

Portals:
Trove: D:15 (give +6 demon blade)

Annotations:
Swamp:1 Majang's ghost, adept FoFi
Abyss:1 Donald


Innate Abilities, Weirdness & Mutations

You have hooves in place of feet.
Armour fits poorly on your strangely shaped body.
You cover ground very quickly.
You have extremely tough skin. (AC +3)
You are dopey. (Int -2)
You passively map a small area around you.


Message History

You hit the white very ugly thing but do no damage.
The white very ugly thing headbutts you but does no damage.
Unknown command.
You hit the white very ugly thing but do no damage.
The white very ugly thing is lightly wounded.
You block the white very ugly thing's attack.
You hear a horrible gurgling sound!
The white very ugly thing headbutts you.
The white very ugly thing freezes you!!
You closely miss the white very ugly thing.
You kick the white very ugly thing, but do no damage.
The white very ugly thing is lightly wounded.
You hear a horrible gurgling sound!
The white very ugly thing barely misses you.
You slash the white very ugly thing!
The white very ugly thing is lightly wounded.
The white very ugly thing headbutts you!!
* * * LOW HITPOINT WARNING * * *
The white very ugly thing freezes you!!!
You die...

≈≈♣.≈≈≈.≈......≈≈♣♣ ♣♣♣♣.≈.≈♣♣
≈≈≈♣≈≈♣.....♣.≈≈≈♣ ♣♣♣≈.≈.≈≈≈♣
.≈≈≈.≈..###.....♣♣♣♣..≈≈≈≈..♣♣
≈≈≈≈≈≈.##.#####..♣♣..≈≈≈≈.≈≈♣
.≈≈≈≈..#......##....≈......≈♣♣
.≈≈≈≈.##.F#....##.....≈§≈....♣
.>≈≈..#.#...#...#.≈≈≈≈♣≈♣...>♣
♣[.≈♣.# .#.##..##÷≈≈...≈.♣♣..♣
♣.♣♣..##)#...#.#@†.≈≈.♣♣♣♣≈..♣♣
♣.♣♣≈..#?#.....##u.≈♣♣♣ ♣♣≈≈≈.♣
..♣♣..©#?[.©#...#..♣♣ ♣.≈≈≈.♣♣
≈≈.≈≈..#$.#W..#.#.♣♣ ♣♣.≈§.♣≈♣
≈≈..≈.##?....#.##.♣ ♣.≈..≈♣≈♣
≈≈.≈..#..#.#...#..♣ ♣♣.♣.≈≈♣≈♣
≈≈.≈..#..#.#uy.#.♣♣ ♣.≈♣..♣..♣
.≈.≈..##.......#.♣♣ ♣≈§≈.♣♣.♣♣
.......###.©.###).♣ ♣≈≈..♣..♣


You could see a white very ugly thing (berserk).

Vanquished Creatures
  Agnes (D:14)
  Kirke (D:14)
  A thorn hunter (Swamp:2)
  An orc warlord (Orc:1)
  A stone giant (Orc:2)
  A minotaur (Gauntlet)
  A dire elephant (Lair:6)
  Josephine (Lair:5)
  8 hydras
  2 catoblepae
  7 alligators
  3 centaur warriors
  A dancing weapon (Volcano)
  A queen ant (Gauntlet)
  A tengu warrior (Gauntlet)
  3 death yaks
  6 two-headed ogres
  A death knight (D:14)
  A deep troll shaman (Lair:6)
  A vampire mage (D:15)
  An orc high priest (Orc:2)
  Urug (D:12)
  A storm dragon zombie (D:15)
  3 sixfirhies (Gauntlet)
  A fire crab (Lair:6)
  A deep troll (Orc:2)
  2 swamp dragons (Swamp:1)
  11 skeletal warriors
  4 unseen horrors
  5 wizards (Volcano)
  A deep elf mage (D:15)
  A lindwurm (Lair:3)
  A necromancer (D:15)
  4 orc knights
  3 orc sorcerers (Orc:2)
  A fire giant zombie (D:15)
  2 moths of wrath (Orc:2)
  6 ugly things
  A shining eye (Gauntlet)
  A manticore (Lair:6)
  3 cyclopes
  4 black mambas
  5 toenail golems (Volcano)
  12 elephants
  4 gargoyles
  14 spiny frogs
  11 komodo dragons
  3 kobold demonologists (D:11)
  2 rime drakes
  2 freezing wraiths
  4 yaktaurs (D:15)
  An efreet (D:14)
  9 trolls
  An ancient zyme (Abyss:1)
  A wolf spider simulacrum (D:13)
  5 polar bears
  2 hornets
  Grinder (D:4)
  4 tyrant leeches (Swamp:1)
  A deep troll zombie (D:15)
  9 blink frogs
  11 hippogriffs
  4 bog bodies
  16 slime creatures
  A fire dragon skeleton (D:15)
  A spriggan (D:7)
  5 flying skulls (Gauntlet)
  A shadow (D:12)
  62 yaks
  A vampire (D:13)
  3 wyverns
  8 wraiths
  A hog (D:14)
  4 basilisks
  A water elemental (D:13)
  3 large abominations
  4 hungry ghosts
  5 insubstantial wisps (Swamp:1)
  3 vampire mosquitoes
  5 wargs
  8 swamp worms
  An acid dragon (D:15)
  4 soldier ants (Gauntlet)
  2 nagas (Lair:2)
  17 water moccasins
  A floating eye (Gauntlet)
  7 porcupines
  5 sky beasts
  26 orc warriors
  2 black bears
  2 phantoms
  6 ice beasts
  4 necrophages
  14 wolves
  15 ogres
  14 centaurs
  10 crocodiles
  A small abomination (Abyss:1)
  17 bullfrogs
  A wyvern skeleton (D:9)
  7 scorpions
  15 killer bees
  22 wights
  4 electric eels
  4 howler monkeys
  5 centaur zombies
  2 crimson imps
  3 quasits
  2 bullfrog zombies
  7 jellies
  8 hounds
  13 orc priests
  2 bullfrog skeletons
  A gnoll shaman (Orc:2)
  6 centaur skeletons
  21 orc wizards
  14 worker ants
  2 iguanas
  A bullfrog simulacrum (D:13)
  2 hound zombies
  2 hound skeletons
  A howler monkey zombie (D:10)
  A worker ant zombie (D:6)
  4 gnolls (Orc:2)
  9 adders
  6 shadow imps
  2 white imps (D:13)
  An ufetubus (D:12)
  4 oozes
  An adder skeleton (D:5)
  3 worms
  2 dart slugs
  8 leopard geckos
  67 orcs
  5 giant cockroaches
  6 goblins
  4 hobgoblins
  12 jackals
  4 kobolds (D:1)
  7 quokkas
  2 ball pythons
  8 bats
  9 frilled lizards
  A leopard gecko zombie (D:8)
  A quokka zombie (D:9)
  10 rats
  A bush (D:3)
  5 fungi (Lair:6)
  4 plants
819 creatures vanquished.

Vanquished Creatures (others)
  The ghost of nht the Spear-Bearer, a journeyman FoMo of Fedhas (Orc:2)
  A dire elephant (Gauntlet)
  2 hydras (Swamp:1)
  A ghost crab (Swamp:2)
  An alligator (Swamp:1)
  2 elephants (Gauntlet)
  A spiny frog (Lair:6)
  A tengu conjurer (Gauntlet)
  A tyrant leech (Swamp:1)
  A vampire (D:13)
  6 humans (D:14)
  An acid dragon (D:14)
  A large abomination (Abyss:1)
  2 hell hounds (Lair:6)
  A small abomination (Abyss:1)
  8 demonic plants
  8 fungi
  28 plants
  23 withered plants
90 creatures vanquished.

Grand Total: 909 creatures vanquished

Notes
Turn   | Place    | Note
-------+----------+-------------------------------------------
     0 | Abyss:1  | Gargoyl the Centaur Abyssal Knight began the quest for the
                  | Orb.
     0 | Abyss:1  | Reached XP level 1. HP: 19/19 MP: 2/2
    35 | Abyss:1  | Noticed a smoke demon
    97 | D:1      | Escaped the Abyss
   204 | D:1      | Reached XP level 2. HP: 17/26 MP: 3/3
   488 | D:1      | Reached * piety under Lugonu
   739 | D:1      | Reached XP level 3. HP: 31/31 MP: 4/4
  1248 | D:2      | Found a hazy altar of Hepliaklqana.
  1404 | D:2      | Reached skill level 1 in Dodging
  1429 | D:2      | Found a white marble altar of Elyvilon.
  1888 | D:3      | Reached XP level 4. HP: 33/39 MP: 5/5
  2013 | D:3      | Reached ** piety under Lugonu
  2150 | D:3      | Noticed a centaur
  2160 | D:3      | Killed a centaur
  2160 | D:3      | Reached skill level 3 in Invocations
  2160 | D:3      | Reached XP level 5. HP: 20/46 MP: 7/7
  2980 | D:3      | Found a shadowy altar of Dithmenos.
  3684 | D:4      | Noticed Grinder
  3695 | D:4      | Paralysed by Grinder for 7 turns
  3702 | D:4      | Killed Grinder
  3702 | D:4      | Reached XP level 6. HP: 4/52 MP: 8/8
  4019 | D:4      | Got a dazzling mace
  4020 | D:4      | Identified the +6 mace "Gococ" {drain, rPois Dex+3} (You
                  | found it on level 4 of the Dungeon)
  4204 | D:4      | Noticed a moth of wrath
  4207 | D:4      | Found a bloodstained altar of Trog.
  4457 | D:5      | Entered Level 5 of the Dungeon
  4514 | D:5      | Noticed a hungry ghost
  4523 | D:5      | Killed a hungry ghost
  4523 | D:5      | Reached XP level 7. HP: 56/58 MP: 9/9
  4975 | D:5      | Reached *** piety under Lugonu
  4975 | D:5      | Reached skill level 1 in Maces & Flails
  4975 | D:5      | Reached skill level 4 in Invocations
  5020 | D:5      | Reached XP level 8. HP: 66/66 MP: 11/11
  5271 | D:5      | Found a burning altar of Makhleb.
  5281 | D:5      | Found a glowing silver altar of Zin.
  5281 | D:5      | Noticed an angel
  5282 | D:5      | Noticed a cacodemon
  5621 | D:6      | Found a staircase to the Ecumenical Temple.
  5626 | D:6      | Found an ornate altar of the Wu Jian Council.
  5677 | D:6      | Found Myrphidd's Weapon Emporium.
  5775 | D:6      | Reached skill level 1 in Throwing
  5830 | D:6      | Reached skill level 5 in Armour
  5959 | D:7      | Reached skill level 5 in Invocations
  6037 | D:7      | Found an opulent altar of Gozag.
  6123 | D:7      | Reached XP level 9. HP: 72/72 MP: 12/12
  6516 | D:7      | Reached **** piety under Lugonu
  6541 | D:7      | Reached skill level 5 in Maces & Flails
  6559 | D:7      | Reached skill level 5 in Fighting
  6800 | D:7      | Found a shattered altar of Ashenzari.
  6997 | D:7      | Reached skill level 6 in Invocations
  7847 | D:8      | Found a hide-covered altar of Uskayaw.
  7868 | D:8      | Reached XP level 10. HP: 51/81 MP: 14/14
  8114 | D:8      | Found a staircase to the Lair.
  8331 | D:8      | Found a shimmering blue altar of Sif Muna.
  8783 | Lair:1   | Entered Level 1 of the Lair of Beasts
  9395 | Lair:1   | Reached ***** piety under Lugonu
  9395 | Lair:1   | Reached skill level 7 in Invocations
 10159 | Lair:1   | Noticed a spiny frog
 10172 | Lair:1   | Killed a spiny frog
 10172 | Lair:1   | Reached XP level 11. HP: 61/89 MP: 16/16
 10196 | Lair:1   | Reached skill level 5 in Dodging
 11044 | Lair:2   | Found a staircase to the Snake Pit.
 12064 | Lair:2   | Reached skill level 8 in Invocations
 12701 | Lair:3   | Noticed a lindwurm
 12720 | Lair:3   | Killed a lindwurm
 13294 | Lair:3   | Reached XP level 12. HP: 31/97 MP: 18/18
 14169 | Lair:3   | Found a staircase to the Swamp.
 14669 | Lair:3   | Noticed a five-headed hydra
 14679 | Lair:3   | Killed a five-headed hydra
 15010 | Lair:4   | Noticed a catoblepas
 15036 | Lair:4   | Killed a catoblepas
 15360 | Lair:4   | Noticed a six-headed hydra
 15369 | Lair:4   | Killed a six-headed hydra
 15369 | Lair:4   | Reached skill level 9 in Invocations
 16072 | Lair:4   | Noticed a six-headed hydra
 16086 | Lair:4   | Killed a six-headed hydra
 16571 | Lair:5   | Noticed Josephine
 17096 | Lair:4   | Reached skill level 10 in Armour
 17801 | Lair:5   | Killed Josephine
 18054 | Lair:5   | Found a runed translucent door.
 18054 | Lair:5   | Found a viscous altar of Jiyva.
 18066 | Lair:5   | Found a staircase to the Slime Pits.
 18165 | Lair:5   | Reached XP level 13. HP: 91/106 MP: 20/20
 18429 | Lair:6   | Entered Level 6 of the Lair of Beasts
 18711 | Lair:6   | Found a dark tunnel.
 18718 | Volcano  | Entered a volcano
 19132 | Volcano  | Cast into level 2 of the Abyss (a wizard)
 19198 | Abyss:2  | Reached skill level 5 in Axes
 19200 | Volcano  | Escaped the Abyss
 19468 | Volcano  | Reached skill level 10 in Invocations
 23079 | Lair:6   | Noticed a dire elephant
 23403 | Lair:6   | Killed a dire elephant
 24542 | Lair:6   | Reached XP level 14. HP: 78/116 MP: 21/21
 25514 | D:9      | Found a hide-covered altar of Uskayaw.
 25518 | D:9      | Found a glowing golden altar of the Shining One.
 25784 | D:9      | Found a blossoming altar of Fedhas.
 26200 | D:10     | Entered Level 10 of the Dungeon
 26320 | D:10     | Found Fiubb's Antique Weapon Boutique.
 26332 | D:9      | Reached skill level 10 in Maces & Flails
 27115 | D:10     | Got an ichor-stained mace
 27532 | D:10     | Found Feumuulo's Magic Scroll Shoppe.
 27720 | D:10     | Bought a scroll of teleportation for 51 gold pieces
 27720 | D:10     | Bought a scroll of enchant weapon for 127 gold pieces
 27753 | D:10     | Identified the +5 mace of Strategic Superiority {vorpal,
                  | rElec Str+4} (You found it on level 10 of the Dungeon)
 28002 | D:10     | Reached ****** piety under Lugonu
 28317 | D:11     | Found a frozen archway.
 28354 | IceCv    | Entered an ice cave
 28388 | IceCv    | Reached skill level 11 in Invocations
 28399 | Abyss:1  | Gained mutation: You are dopey. (Int -2) [potion of
                  | mutation]
 28399 | Abyss:1  | Gained mutation: You are partially covered in iridescent
                  | scales. (AC +2) [potion of mutation]
 28711 | Abyss:1  | Noticed a bone dragon
 28713 | IceCv    | Escaped the Abyss
 28932 | D:11     | Found Ocvuefeet's Jewellery Boutique.
 29409 | D:11     | Bought the ring of the Marlin {MR+ AC+4} for 631 gold
                  | pieces
 29441 | D:11     | Found a corrupted altar of Lugonu.
 29916 | D:11     | Found a basalt altar of Yredelemnul.
 29918 | D:11     | Got a tiger eye-encrusted scale mail
 29929 | D:11     | Identified the +0 scale mail of the Four of Pentacles
                  | {Dex+5} (You found it on level 11 of the Dungeon)
 30269 | D:12     | Found Zaneol's Armour Shoppe.
 30270 | D:12     | Found a staircase to the Orcish Mines.
 30702 | D:12     | Noticed Urug
 30723 | D:12     | Killed Urug
 31286 | D:13     | Found a gate leading to a gauntlet.
 31296 | Gauntlet | Entered a Gauntlet
 31296 | Gauntlet | Found a transporter.
 31296 | Gauntlet | Found a transporter.
 31298 | Gauntlet | Found a transporter.
 31303 | Gauntlet | Found a transporter.
 31306 | Gauntlet | Found a transporter.
 31316 | Gauntlet | Found a transporter.
 31316 | Gauntlet | Found a transporter.
 31320 | Gauntlet | Found a transporter.
 31330 | Gauntlet | Found a transporter.
 31334 | Gauntlet | Found a transporter.
 31343 | Gauntlet | Found a transporter.
 31472 | Gauntlet | Gained mutation: You are frail. (-10% HP) [a shining eye]
 31527 | Gauntlet | Found a transporter.
 31954 | Gauntlet | Corrupted Gauntlet
 31954 | Gauntlet | Noticed a white very ugly thing
 31957 | Gauntlet | Noticed a starcursed mass
 32119 | Gauntlet | Reached skill level 1 in Shields
 33067 | D:13     | Reached XP level 15. HP: 88/111 MP: 23/23
 34100 | D:13     | Found a gate to the Vaults.
 34600 | D:14     | Noticed Kirke
 34619 | D:14     | Killed Kirke
 34909 | D:14     | Lost mutation: You are frail. (-10% HP) [potion of
                  | mutation]
 34909 | D:14     | Lost mutation: You are dopey. (Int -2) [potion of mutation]
 34909 | D:14     | Lost mutation: You are partially covered in iridescent
                  | scales. (AC +2) [potion of mutation]
 34909 | D:14     | Gained mutation: You are dopey. (Int -2) [potion of
                  | mutation]
 34909 | D:14     | Gained mutation: You passively map a small area around you.
                  | [potion of mutation]
 35222 | D:14     | Reached skill level 12 in Invocations
 35368 | D:14     | Noticed Agnes
 35380 | D:14     | Killed Agnes
 35738 | D:15     | Entered Level 15 of the Dungeon
 35740 | D:15     | Found a flickering gateway to a bazaar.
 36013 | Bazaar   | Entered a bazaar
 36072 | Bazaar   | Found Wirhid's Assorted Antiques.
 36123 | Bazaar   | Found Ikhaj's General Store.
 36157 | Bazaar   | Found Ukunaath's Distillery.
 36186 | Bazaar   | Found Eklopn's Food Emporium.
 36208 | Bazaar   | Found Vockoyr's Gadget Shoppe.
 36255 | Bazaar   | Bought a scroll of brand weapon for 260 gold pieces
 36303 | Bazaar   | Bought a potion of heal wounds for 70 gold pieces
 36303 | Bazaar   | Bought a potion of heal wounds for 70 gold pieces
 36303 | Bazaar   | Bought a potion of curing for 42 gold pieces
 36303 | Bazaar   | Bought a potion of curing for 42 gold pieces
 36303 | Bazaar   | Bought a potion of curing for 42 gold pieces
 36303 | Bazaar   | Bought a potion of ambrosia for 112 gold pieces
 36797 | D:15     | Found a staircase to the Depths.
 37641 | D:15     | Got a warped scale mail
 37660 | D:14     | Identified the +2 scale mail of Weightlessness {Slay+2
                  | Stlth+} (You found it on level 15 of the Dungeon)
 38407 | D:15     | Found Cijozxel's General Store.
 38412 | D:15     | Found a portal to a secret trove of treasure.
 38533 | D:15     | Bought a scroll of blinking for 105 gold pieces
 38672 | D:15     | Found Zantaena's Gadget Emporium.
 38754 | D:15     | Got a heavily runed buckler
 38765 | D:15     | Identified the +4 buckler of Midnight {Harm rF+ Str-2} (You
                  | found it on level 15 of the Dungeon)
 39003 | Orc:1    | Entered Level 1 of the Orcish Mines
 39111 | Orc:1    | Found Taerixusk's Food Emporium.
 39427 | Orc:1    | Found a roughly hewn altar of Beogh.
 39608 | Orc:2    | Entered Level 2 of the Orcish Mines
 39608 | Orc:2    | Found Moygraf's Antique Weapon Shoppe.
 40455 | Orc:2    | Bought a runed war axe for 182 gold pieces
 40486 | Orc:2    | Noticed nht's ghost (journeyman FoMo)
 40497 | Orc:2    | Identified the cursed +0 great mace of Joudan {drain, +Inv
                  | Int+4}
 40505 | Orc:2    | Found a bloodstained altar of Trog.
 40509 | Orc:2    | Noticed an orc warlord
 40510 | Orc:2    | Paralysed by an orc sorcerer for 6 turns
 40593 | Orc:2    | Escaped the Abyss
 40598 | Orc:2    | Found a transporter.
 41075 | Orc:2    | Cast into level 1 of the Abyss (orc sorcerer)
 41085 | Orc:2    | Escaped the Abyss
 41650 | Orc:1    | Killed an orc warlord
 42145 | Orc:2    | Found a roughly hewn altar of Beogh.
 42440 | Orc:2    | Found Jaocig's General Store.
 42452 | Orc:2    | Found Dahac's Antique Armour Boutique.
 42454 | Orc:2    | Found Zearaov's Book Boutique.
 42631 | Orc:2    | Found Venlucida's Antique Weapon Boutique.
 42741 | Orc:2    | Found a staircase to the Elven Halls.
 42785 | Orc:2    | Found a transporter.
 42918 | Orc:2    | Reached XP level 16. HP: 103/133 MP: 25/25
 43936 | Orc:2    | Banished nht's ghost
 44447 | Swamp:1  | Entered Level 1 of the Swamp
 44590 | Swamp:1  | Found a transporter.
 44595 | Swamp:1  | Noticed Majang's ghost (adept FoFi)
 44978 | Swamp:1  | Noticed Donald
 44999 | Swamp:1  | Banished Donald
 45634 | Swamp:1  | Found a transporter.
 47045 | Swamp:2  | Reached skill level 10 in Fighting
 47487 | Swamp:2  | Noticed a thorn hunter
 47519 | Swamp:2  | Reached skill level 13 in Invocations
 47522 | Swamp:2  | Killed a thorn hunter
 47525 | Swamp:2  | Reached skill level 10 in Axes
 49109 | Swamp:1  | Mangled by a white very ugly thing

Illustrated notes

Levels and vault maps discovered:
D:1:      saegor_arrival_simple_b, layout_basic, minmay_misc_feat_x
D:2:      layout_rooms, elyvilon_altar_5, lemuel_doored_altar
D:3:      layout_loops_corners, overflow_temple_1_default, serial_forest,
          infiniplex_forest_pool, infiniplex_forest_end_1,
          infiniplex_forest_clump_double, infiniplex_forest_straight_4,
          infiniplex_forest_lined_room_2, infiniplex_forest_end_2,
          infiniplex_forest_side_room, supply_closet_lemuel
D:4:      layout_loops_ring, first_ration, grunt_decor_arrowhead, tgw_trog,
          uniq_grinder
D:5:      layout_loops_ring, grunt_temple_overflow_order_and_chaos_2
D:6:      layout_basic, overflow_temple_1_default, minmay_temple_entry_mist,
          serial_shops, shop
D:7:      minmay_recursive_quarters, layout_loops_cross, grunt_gozag_statues,
          ashenzari_conservatory_becter, the_bakery
D:8:      minmay_cornered_nines, layout_loops_cross, led_sif_pool,
          dpeg_oklobed_lair, basic_altar
D:9:      layout_loops_ring, fedhas_altar_fruit_tree, minitemple, st_stairs_14
D:10:     layout_cave_pods, serial_shops, nicolae_shop_statue_plus, shop,
          serial_bayou_lagoon_a, serial_park_tiny_2, centaur_isle
D:11:     kennysheep_kobold_lugonu_temple, layout_basic, basic_altar,
          portal_ice_cave_entry_pillars_2, serial_shops, nicolae_shop_trees
D:12:     layout_roguey, orc_david_3, minmay_holes, uniq_urug
D:13:     layout_cave_pools, david_vaults_1, gauntlet_entry_generic, serial_ice,
          serial_ice_h, serial_ice_b, serial_ice_n, serial_ice_j, serial_ice_c,
          serial_ice_a, kennysheep_another_room
D:14:     layout_loops_cross, minmay_misc_feat_columns, hex_tiny, uniq_agnes,
          uniq_kirke
D:15:     gammafunk_depths_entry_grave, layout_loops_cross, serial_shops,
          bzr_in_the_mist, shop, shop_fountains, minmay_misc_feat_diagonals,
          enter_trove_1
Lair:1:   layout_roguey, grunt_megastairs_4
Lair:2:   layout_gridlike, guppyfry_snake_entry_island, grunt_megastairs_3
Lair:3:   layout_concentric_octagons, skrybe_swamp_entry_bodies
Lair:4:   layout_cave_pods
Lair:5:   layout_hall_layers, slime_altar_2, uniq_josephine
Lair:6:   grunt_lair_end_beastmaster, layout_gridlike, enter_volcano_3,
          eino_small_chamber_without_monster, chequers_serial_rivers_marsh,
          chequers_serial_rivers_small_b, minmay_shattered_shrine
Swamp:1:  layout_falls_marsh, gammafunk_ghost_berserking_beasts,
          nicolae_swamp_fairy_circle, uniq_donald
Swamp:2:  layout_falls_marsh, evilmike_swamp_ruin_house_1, swamp_pool1,
          cheibrodos_swamp_slimy
Orc:1:    layout_caves, serial_shops, shop, david_defended_altar_orc
Orc:2:    grunt_orc_cross, layout_diamond_mine, serial_shops,
          nicolae_shop_crystal, gammafunk_ghost_wrathful_warriors

Skill      XL: |  1  2  3  4  5  6  7  8  9 10 11 12 13 14 15 16 |
---------------+-------------------------------------------------+-----
Axes           | 2 3 4 7 8 9 10 | 10.0
Dodging        | 1 2 3 4 5 6 7 8 9 |  9.2
Armour         | 2 3 4 5 6 7 9 10 11 12 | 12.4
Invocations    | 3 4 5 6 7 8 9 10 11 12 13 | 13.1
Fighting       | 4 5 6 7 8 9 10 | 10.1
Maces & Flails | 1 4 5 7 8 9 10 11 | 11.0
Throwing       | 1 2 3 |  3.7
Shields        | 1 4 |  4.6
Evocations     | |  0.4

Action                   |  1- 3 |  4- 6 |  7- 9 | 10-12 | 13-15 | 16-18 || total
-------------------------+-------+-------+-------+-------+-------+-------++-------
Melee: Hand axe          |   114 |   163 |       |       |       |       ||   277
       Kick              |    13 |    78 |    83 |   309 |   923 |   188 ||  1594
       Mace              |       |    25 |   237 |   684 |  1027 |       ||  1973
       Broad axe         |       |       |       |    29 |  1188 |   433 ||  1650
       Unarmed           |       |       |       |       |     1 |       ||     1
       War axe           |       |       |       |       |     1 |       ||     1
Throw: Boomerang         |       |       |     4 |     3 |       |       ||     7
       Javelin           |       |       |    20 |    35 |     9 |       ||    64
Invok: Depart the Abyss  |     1 |       |       |       |     4 |       ||     5
       Bend Space        |       |       |       |     2 |     4 |     2 ||     8
       Banish            |       |       |       |     1 |    12 |    14 ||    27
       Enter the Abyss   |       |       |       |       |     2 |       ||     2
       Corrupt           |       |       |       |       |     1 |       ||     1
Evoke: Wand              |       |     4 |       |       |       |       ||     4
  Use: Scroll            |     5 |     4 |     1 |     8 |    19 |     1 ||    38
       Potion            |       |       |       |     1 |    15 |     2 ||    18
 Stab: Petrified         |       |       |       |       |     5 |       ||     5
       Distracted        |       |       |       |       |     1 |       ||     1
       Invisible         |       |       |       |       |     1 |       ||     1
  Eat: Chunk             |     2 |     7 |    10 |    21 |    49 |    10 ||    99
       Ration            |       |       |     1 |     3 |    10 |     3 ||    17
Armor: Chain mail        |    90 |    61 |    46 |       |  1092 |   289 ||  1578
       Plate armour      |       |       |    87 |   342 |    90 |       ||   519
Dodge: Dodged            |    16 |    38 |   131 |   303 |  1033 |   228 ||  1749
Block: Other             |    28 |    32 |    62 |   162 |   235 |       ||   519
       Reflection        |       |     1 |       |       |    56 |     3 ||    60
       Buckler           |       |       |       |       |   116 |       ||   116
       Kite shield       |       |       |       |       |   872 |   471 ||  1343

Table legend:
 A = Non-vault XP
 B = Vault XP
 C = Vault XP percentage of total XP
 D = Non-vault monster count
 E = Vault monster count
 F = Vault count percentage of total count
                 A         B        C        D         E       F
            +---------+---------+-------+---------+---------+-------
      Total |  116076 |   66989 |  36.6 |     621 |     202 |  24.5
            +---------+---------+-------+---------+---------+-------
        D:1 |      49 |       0 |   0.0 |      25 |       0 |   0.0
        D:2 |      43 |       0 |   0.0 |      11 |       0 |   0.0
        D:3 |     176 |       0 |   0.0 |      26 |       0 |   0.0
        D:4 |     121 |     290 |  70.6 |       6 |       6 |  50.0
        D:5 |     813 |       0 |   0.0 |      16 |       0 |   0.0
        D:6 |     785 |       0 |   0.0 |      15 |       0 |   0.0
        D:7 |    1994 |     682 |  25.5 |      32 |       8 |  20.0
        D:8 |    1933 |     266 |  12.1 |      31 |       3 |   8.8
        D:9 |    5810 |     279 |   4.6 |      42 |       3 |   6.7
       D:10 |    3704 |     692 |  15.7 |      41 |       6 |  12.8
       D:11 |    9038 |    1104 |  10.9 |      36 |       3 |   7.7
       D:12 |    4460 |    1400 |  23.9 |      22 |      11 |  33.3
       D:13 |    4022 |    2795 |  41.0 |      20 |      12 |  37.5
       D:14 |   11095 |    5193 |  31.9 |      31 |       4 |  11.4
       D:15 |   10353 |    4062 |  28.2 |      28 |       7 |  20.0
     Lair:1 |    5134 |    1499 |  22.6 |      23 |       7 |  23.3
     Lair:2 |    2637 |     808 |  23.5 |      15 |       6 |  28.6
     Lair:3 |    9458 |    1129 |  10.7 |      31 |       5 |  13.9
     Lair:4 |    6288 |     422 |   6.3 |      21 |       2 |   8.7
     Lair:5 |    3149 |    4073 |  56.4 |      13 |      10 |  43.5
     Lair:6 |    6766 |    8958 |  57.0 |      22 |      20 |  47.6
    Swamp:1 |   12645 |    5027 |  28.4 |      35 |       7 |  16.7
    Swamp:2 |    7678 |       0 |   0.0 |      20 |       0 |   0.0
      Orc:1 |    1506 |    2485 |  62.3 |      12 |       7 |  36.8
      Orc:2 |    4184 |   10468 |  71.4 |      40 |      41 |  50.6
    Abyss:1 |    1218 |       0 |   0.0 |       5 |       0 |   0.0
    Abyss:2 |    1017 |       0 |   0.0 |       2 |       0 |   0.0
      IceCv |       0 |    1029 | 100.0 |       0 |       6 | 100.0
    Volcano |       0 |    6564 | 100.0 |       0 |      11 | 100.0
   Gauntlet |       0 |    7764 | 100.0 |       0 |      17 | 100.0
            +---------+---------+-------+---------+---------+-------
